 Dungeon Crawl Stone Soup version 0.31-a0-263-ge8cad7f256 (webtiles) character file.

Game seed: 7824361254775526469

96 qw the Shooter (level 4, -2/36 HPs)
             Began as a Minotaur Hexslinger on July 13, 2023.
             Succumbed to an adder's poison
             ... on level 3 of the Dungeon.
             The game lasted 00:00:47 (1460 turns).

qw the Shooter (Minotaur Hexslinger)                Turns: 1460, Time: 00:00:48

Health: -2/36      AC:  5    Str: 12    XL:     4   Next: 41%
Magic:  4/4        EV: 11    Int: 10    God:
Gold:   142        SH:  0    Dex: 15    Spells: 4/5 levels left

rFire   . . .        Y - +1 sling
rCold   . . .        (no shield)
rNeg    . . .        e - +0 ring mail
rPois   .            (helmet restricted)
rElec   .            (no cloak)
rCorr   .            (no gloves)
SInv    .            (no boots)
Will    .....        (no amulet)
Stlth   +            (no ring)
HPRegen 0.26/turn    (no ring)
MPRegen 0.09/turn

%: no passive effects
@: lethally poisoned (-2 -> -10)
A: horns 2, retaliatory headbutt
a: no special abilities


You were on level 3 of the Dungeon.
You visited 1 branch of the dungeon, and saw 3 of its levels.

You collected 142 gold pieces.


Innate Abilities, Weirdness & Mutations

You have a pair of horns on your head.
You reflexively headbutt those who attack you in melee.


   Skills:
 - Level 2.0 Fighting
 + Level 4.4 Ranged Weapons
 - Level 2.0 Armour
 - Level 2.1 Dodging
 - Level 1.0 Spellcasting
 - Level 2.0 Hexes


You had 4 spell levels left.
You knew the following spells:

 Your Spells              Type           Power      Damage    Failure   Level
a - Slow                  Hex            16%        N/A       32%         1

Your spell library contained the following spells:

 Spells                   Type           Power      Damage    Failure   Level
 Inner Flame              Hex/Fire       2%         N/A       83%         3
 Portal Projectile        Hex/Tloc       4%         N/A       83%         3
 Cause Fear               Hex            2%         N/A       97%         4

Inventory:

Hand Weapons
 Y - a +1 sling (weapon)
Armour
 a - a +0 ring mail of positive energy
 e - a +0 ring mail (worn)
Scrolls
 g - a scroll of identify
Potions
 f - a potion of heal wounds {unknown}
 h - a potion of brilliance {unknown}
 j - a potion of curing

Dungeon Overview and Level Annotations

Branches:
Dungeon (3/15)

Altars:

Annotations:
D:3 Grinder, Terence


Message History

An adder comes into view.
Enter note:
Enter note: You shoot a sling bullet.
The sling bullet barely misses Grinder.
The adder hisses angrily.
You shoot a sling bullet.
The sling bullet closely misses Grinder.
You shoot a sling bullet.
The sling bullet hits Grinder but does no damage.
Grinder hits you.
You writhe in agony.
Grinder gestures at you. Pain shoots through your body!
You shoot a sling bullet. The sling bullet hits Grinder.
Grinder is lightly wounded.
Grinder hits you.
You writhe in agony.
You shoot a sling bullet. The sling bullet barely misses Grinder.
The adder bites you.
You are poisoned.
The adder poisons you! The adder bites you but does no damage.
Grinder closely misses you.
You shoot a sling bullet.
The sling bullet closely misses Grinder.
You feel sick. The adder completely misses you. Grinder hits you.
You writhe in agony.
The adder closely misses you.
You shoot a sling bullet. The sling bullet hits Grinder.
Grinder is moderately wounded.
You feel sick.
Grinder blinks!
Terence asks, "Do you want it fast or slow?"
The adder bites you.
You shoot a sling bullet. The sling bullet hits Terence.
Terence is lightly wounded.
You feel sick. The adder bites you.
You are lethally poisoned!
The adder poisons you! Terence barely misses you. You furiously retaliate!
You headbutt Terence. The adder bites you.
You are more poisoned.
The adder poisons you!
You shoot a sling bullet. The sling bullet hits Terence.
Terence is moderately wounded.
You die...

###.$.# .. .......
. #..... . #.....#.
#......# #......#
#....@S# #@# #.#
#.# #.# ##
##.###############.
#................).
##.################
###


You could see Terence and an adder.

Vanquished Creatures
  Natasha (D:3)
  An adder (D:3)
  A worm (D:2)
  3 orcs (D:3)
  3 ball pythons
  7 endoplasms
  4 giant cockroaches
  6 goblins
  5 hobgoblins
  4 quokkas
  3 bats
  3 frilled lizards (D:1)
  4 kobolds
  7 rats
52 creatures vanquished.

Notes
Turn   | Place    | Note
-------+----------+-------------------------------------------
     0 | D:1      | qw the Minotaur Hexslinger began the quest for the Orb.
     0 | D:1      | Reached XP level 1. HP: 16/16 MP: 1/1
     0 | D:1      | 0 ||| qw: Version: 0.3-a-52-g30416fa
     0 | D:1      | 0 ||| qw: Game counter: 7371
     0 | D:1      | 0 ||| qw: Melee chars always use a shield: true
     0 | D:1      | 0 ||| qw: God list: Okawaru
     0 | D:1      | 0 ||| qw: Allow faded altars: false
     0 | D:1      | 0 ||| qw: Do Orc after clearing Dungeon:15 true
     0 | D:1      | 0 ||| qw: Do second Lair branch before Depths: true
     0 | D:1      | 0 ||| qw: Lair rune preference: random
     0 | D:1      | 0 ||| qw: Goals: Normal
     0 | D:1      | 0 ||| PLANNING D:1-11
    68 | D:1      | Reached skill level 3 in Ranged Weapons
   156 | D:1      | Reached XP level 2. HP: 23/23 MP: 2/2
   635 | D:1      | 635 ||| UPGRADING to +0 ring mail.
   645 | D:1      | 645 ||| DROPPING +0 robe.
   646 | D:1      | 646 ||| READING scroll labelled TIATADE OJITULAT.
   647 | D:1      | 647 ||| READING 2 scrolls labelled FUITORUTIY.
   648 | D:1      | 648 ||| READING scroll labelled MOAP OMPEW.
   649 | D:1      | 649 ||| DROPPING scroll of poison.
   722 | D:2      | Reached XP level 3. HP: 29/29 MP: 3/3
   783 | D:2      | 783 ||| FLEEEEING.
   875 | D:2      | Found a faded altar of an unknown god.
  1018 | D:2      | 1018 ||| DROPPING amulet of magic regeneration.
  1019 | D:2      | 1019 ||| DRINKING 2 coppery potions.
  1101 | D:3      | Reached skill level 4 in Ranged Weapons
  1101 | D:3      | Noticed Natasha
  1109 | D:3      | HP: 7/29 [cerulean imp/+2 spear[Natasha] (3)]
  1110 | D:3      | Killed Natasha
  1111 | D:3      | Reached XP level 4. HP: 5/36 MP: 4/4
  1256 | D:3      | 1256 ||| READING scroll labelled ACVIOK COES.
  1257 | D:3      | 1257 ||| DRINKING 2 fuming brown potions.
  1293 | D:3      | 1293 ||| DROPPING potion of lignification.
  1451 | D:3      | Noticed Grinder
  1451 | D:3      | Noticed Terence
  1457 | D:3      | HP: 9/36 [Grinder (3)]
  1459 | D:3      | HP: 3/36 [adder (2)]
  1459 | D:3      | HP: 1/36 [adder (2)]
  1460 | D:3      | Succumbed to an adder's poison

Levels and vault maps discovered:
D:1:      scummos_arrival_simple_fountains, layout_basic
D:2:      layout_rooms, hellmonk_ecumenical_altar_pennies_from_heaven
D:3:      layout_loops_ring, yredelemnul_altar_generic, minmay_checkerbox,
          uniq_natasha, uniq_grinder, uniq_terence

Skill      XL: |  1  2  3 |
---------------+----------+-----
Ranged Weapons | 3 4 |  4.4
Fighting       | 2 |  2.0
Armour         | 2 |  2.0
Dodging        | |  2.1
Spellcasting   | |  1.0
Hexes          | |  2.0

Action                     |  1- 3 |  4- 6 || total
---------------------------+-------+-------++-------
   Fire: Sling             |   103 |    46 ||   149
    Use: Scroll            |     3 |     1 ||     4
         Potion            |     1 |     1 ||     2
 Armour: Robe              |     2 |       ||     2
         Ring mail         |    13 |    10 ||    23
  Dodge: Dodged            |    40 |    25 ||    65

Table legend:
 A = Non-vault XP
 B = Vault XP
 C = Vault XP percentage of total XP
 D = Non-vault monster count
 E = Vault monster count
 F = Vault count percentage of total count
                 A         B        C        D         E       F
            +---------+---------+-------+---------+---------+-------
      Total |      81 |      57 |  41.3 |      47 |       5 |   9.6
            +---------+---------+-------+---------+---------+-------
        D:1 |      31 |       0 |   0.0 |      20 |       0 |   0.0
        D:2 |      26 |       0 |   0.0 |      14 |       0 |   0.0
        D:3 |      24 |      57 |  70.4 |      13 |       5 |  27.8
            +---------+---------+-------+---------+---------+-------
